 Dungeon Crawl Stone Soup version 0.30-a0-329-g85436e0a43 (console) character file.

Game seed: 17864163429073639191

350 capslocke the Insei (level 6, -8/38 HPs)
             Began as an Octopode Transmuter on Oct 29, 2022.
             Mangled by a gnoll
             ... wielding a +0 whip
              (10 damage)
             ... on level 4 of the Dungeon.
             The game lasted 00:07:39 (2917 turns).

capslocke the Insei (Octopode Transmuter)           Turns: 2917, Time: 00:07:40

Health: -8/38      AC:  1    Str: 11    XL:     6   Next: 61%
Magic:  10/11      EV: 13    Int: 15    God:
Gold:   153        SH:  0    Dex: 13    Spells: 8/12 levels left

rFire   . . .      SeeInvis .      - Unarmed
rCold   . . .      Faith    .    (no shield)
rNeg    . . .      Spirit   .    (helmet restricted)
rPois   .          Reflect  .    (no amulet)
rElec   .          Harm     .    (no ring)
rCorr   .          Rampage  .    (no ring)
Will    .....                    (no ring)
Stlth   ++........               (no ring)
HPRegen 0.26/turn                (no ring)
MPRegen 0.12/turn                (no ring)
                                 (no ring)
                                 (no ring)

@: about to teleport
A: almost no armour, amphibious, 8 rings, camouflage 1, gelatinous body 1,
(nimble swimmer 1), tentacles
a: no special abilities


You were on level 4 of the Dungeon.
You visited 1 branch of the dungeon, and saw 4 of its levels.

You collected 153 gold pieces.

Inventory:

Missiles
 i - 4 poisoned darts (quivered)
Scrolls
 e - 3 scrolls of amnesia
 f - 2 scrolls of teleportation
 g - a scroll of vulnerability {unknown}
 h - 3 scrolls of magic mapping {unknown}
Potions
 a - a potion of lignification
 b - 2 potions of curing {unknown}
 c - a potion of ambrosia {unknown}
 d - a potion of attraction {unknown}


   Skills:
 + Level 1.4 Fighting
 + Level 1.1 Throwing
 + Level 3.0 Dodging
 + Level 4.9 Unarmed Combat
 + Level 3.6 Spellcasting
 + Level 3.0 Transmutations
 + Level 0.6 Poison Magic


You had 8 spell levels left.
You knew the following spells:

 Your Spells              Type           Power      Damage    Failure   Level
a - Beastly Appendage     Tmut           22%        N/A       5%          1
b - Spider Form           Tmut/Pois      8%         N/A       26%         3

Your spell library contained the following spells:

 Spells                   Type           Power      Damage    Failure   Level
 Wereblood                Tmut           11%        N/A       9%          2
 Ignite Poison            Fire/Tmut/Pois 6%         N/A       34%         3
 Dazzling Flash           Conj/Hex       4%         N/A       50%         3
 Kindle Blastsparks       Fire/Tloc/Air  4%         2d10      50%         3
 Ice Form                 Ice/Tmut       7%         N/A       69%         4
 Iskenderun's Mystic Bla  Conj/Tloc      2%         2d3       88%         4
 Freezing Cloud           Conj/Ice/Air   1%         6-21      99%         5
 Starburst                Conj/Fire      1%         6d3       100%        6


Dungeon Overview and Level Annotations

Branches:
Dungeon (4/15)
 Temple: D:4-7

Altars:
The Shining One

Annotations:
D:2 exclusion: scorpion


Innate Abilities, Weirdness & Mutations

You cannot wear most types of armour.
You are amphibious.
You can wear up to eight rings at the same time.
Your skin changes colour to match your surroundings (Stealth+).
Your rubbery body absorbs attacks. (AC +1, EV +1)
((You are camouflaged when in or above water. (Stealth+)))
You have tentacles for arms and can constrict up to eight enemies at once.


Message History

You hit the gnoll.
The gnoll looks as sick as possible!
The gnoll is severely wounded.
A gnoll comes into view. It is wielding a +0 sling.
The gnoll closely misses you.
You hit the gnoll but do no damage.
The gnoll looks as sick as possible!
The gnoll is severely wounded.
An ufetubus comes into view.
The gnoll barely misses you.
You kill the gnoll!
Your transformation has ended.
The ufetubus attacks as you move away!
The ufetubus hits you but does no damage.
The ufetubus closely misses you. x3
The ufetubus attacks as you move away!
The ufetubus hits you but does no damage.
The ufetubus closely misses you. The ufetubus attacks as you move away!
The ufetubus closely misses you. The ufetubus hits you.
Found 2 gold pieces.
The ufetubus hits you. The ufetubus misses you.
The ufetubus attacks as you move away! The ufetubus barely misses you. x2
You tentacle-slap the ufetubus. Your grab misses the ufetubus.
The ufetubus is moderately wounded.
The ufetubus hits you. x4
You barely miss the ufetubus. Your grab misses the ufetubus.
The ufetubus is moderately wounded.
The ufetubus hits you.
* * * LOW HITPOINT WARNING * * *
The ufetubus closely misses you. The ufetubus attacks as you move away!
The ufetubus barely misses you. The ufetubus hits you.
* * * LOW HITPOINT WARNING * * *
The ufetubus hits you.
* * * LOW HITPOINT WARNING * * *
The ufetubus barely misses you.
As you read the scroll labelled OTAAP NAAJISA, it crumbles to dust.
You feel strangely unstable.
It was a scroll of teleportation.
The ufetubus barely misses you. The ufetubus hits you.
* * * LOW HITPOINT WARNING * * *
The gnoll hits you with a +0 whip!
You die...

#.# #.# #$# #.# #.# #.# #.#
#######.# #.# ........# #.#
.######.# ##.# ######..
##.#####..####......P
#.......@5.gg...#
#....♣♣♣.g.♣♣♣..# #...♣# #♣.♣#
#♣.# #...♣ ♣.♣ ♣.# ####..)♣#
#♣.♣# #♣.# .
#####.......♣♣♣.♣.♣♣♣..# ...
...............♣♣♣.....###...5.
............♣♣♣.♣.♣♣♣...)g..#
#####.##...♣# #♣.♣# #♣.g....g..


You could see 3 gnolls and an ufetubus.

Vanquished Creatures
  Pargi (D:3)
  A scorpion (D:2)
  A hound (D:4)
  8 gnolls
  3 adders
  3 dart slugs
  A ball python (D:4)
  5 bats
  8 endoplasms
  3 giant cockroaches
  3 hobgoblins
  2 jackals (D:3)
  2 quokkas (D:1)
  A frilled lizard (D:1)
  7 goblins
  3 kobolds
  4 rats
56 creatures vanquished.

Vanquished Creatures (others)
  A plant (D:1)
1 creature vanquished.

Grand Total: 57 creatures vanquished

Notes
Turn   | Place    | Note
-------+----------+-------------------------------------------
     0 | D:1      | capslocke the Octopode Transmuter began the quest for the
                  | Orb.
     0 | D:1      | Reached XP level 1. HP: 13/13 MP: 3/3
   263 | D:1      | Reached XP level 2. HP: 13/18 MP: 3/5
   589 | D:1      | Found a faded altar of an unknown god.
  1004 | D:2      | Reached XP level 3. HP: 20/23 MP: 4/6
  1019 | D:2      | Noticed a scorpion
  1602 | D:2      | Found a glowing golden altar of the Shining One.
  1685 | D:2      | Killed a scorpion
  1686 | D:2      | Reached XP level 4. HP: 22/28 MP: 5/8
  1780 | D:3      | Reached skill level 4 in Unarmed Combat
  1853 | D:3      | Learned a level 3 spell: Spider Form
  1870 | D:3      | Reached XP level 5. HP: 25/33 MP: 6/9
  2157 | D:3      | Noticed Pargi
  2172 | D:3      | Killed Pargi
  2173 | D:3      | Reached XP level 6. HP: 7/38 MP: 9/11
  2661 | D:4      | Reached skill level 1 in Throwing
  2917 | D:4      | Mangled by a gnoll

Illustrated notes

Levels and vault maps discovered:
D:1:      roderic_crop_circles_arrival_small, layout_basic,
          dreamdust_ecumenical_altar_statues
D:2:      layout_basic, basic_altar, minivault_5
D:3:      layout_rooms, uniq_pargi
D:4:      layout_loops_ring, minmay_temple_entry_trees,
          minmay_stone_trees_medium

Skill      XL: |  1  2  3  4  5  6 |
---------------+-------------------+-----
Spellcasting   | 3 |  3.6
Unarmed Combat | 4 |  4.9
Transmutations | 3 |  3.0
Throwing       | 1 |  1.1
Dodging        | 3 |  3.0
Fighting       | |  1.4
Poison Magic   | |  0.6

Action                   |  1- 3 |  4- 6 || total
-------------------------+-------+-------++-------
Melee: Unarmed           |    61 |    68 ||   129
       Kick              |    19 |     8 ||    27
       Constrict         |    18 |    13 ||    31
       Tentacles         |    14 |    15 ||    29
       Punch             |     2 |     4 ||     6
Throw: Dart              |       |     5 ||     5
 Cast: Beastly Appendage |    20 |    13 ||    33
       Spider Form       |       |     3 ||     3
  Use: Scroll            |     1 |     1 ||     2
 Stab: Sleeping          |     8 |     3 ||    11
Armor: Skin              |     7 |     3 ||    10
Dodge: Dodged            |    38 |    59 ||    97

Table legend: (Time is in decaauts)
 A = Elapsed time spent in this place.
 B = Non-inter-level travel time spent in this place.
 C = Inter-level travel time spent in this place.
 D = Time resting spent in this place.
 E = Time spent auto-exploring this place.
 F = Levels seen in this place.
 G = Mean time per level.
                   A        B        C        D        E       F      G
               +--------+--------+--------+--------+--------+-----+--------+
         Total |   2906 |   2831 |     75 |    477 |   1817 |   4 |  726.5 |
       Dungeon |   2906 |   2831 |     75 |    477 |   1817 |   4 |  726.5 |
               +--------+--------+--------+--------+--------+-----+--------+

Top non-repeatable levels by time:
     D:2: 1012 daAuts
     D:1: 829 daAuts
     D:3: 777 daAuts
     D:4: 288 daAuts
